 Dungeon Crawl Stone Soup version 0.29.1-15-g9cfb28693d (webtiles) character file.

Game seed: 14176542756364587696

2 leafyfresh the Sneak (level 1, -6/16 HPs)
             Began as an Octopode Delver on Feb 24, 2023.
             Mangled by an orc
             ... wielding a +0 trident
              (7 damage)
             ... on level 5 of the Dungeon.
             The game lasted 00:00:14 (15 turns).

leafyfresh the Sneak (Octopode Delver)                Turns: 15, Time: 00:00:15

Health: -6/16      AC:  1    Str: 11    XL:     1   Next: 30%
Magic:  1/1        EV: 13    Int: 12    God:
Gold:   13         SH:  0    Dex: 13    Spells: 0/0 levels left

rFire   . . .      SeeInvis .   a - +0 short sword
rCold   . . .      Faith    .   (no shield)
rNeg    . . .      Spirit   .   (helmet restricted)
rPois   .          Reflect  .   (no amulet)
rElec   .          Harm     .   (no ring)
rCorr   .          Rampage  .   (no ring)
Will    .....                   (no ring)
Stlth   ++++......              (no ring)
HPRegen 0.05/turn               (no ring)
MPRegen 0.07/turn               (no ring)
                                (no ring)
                                (no ring)

@: no status effects
A: almost no armour, amphibious, 8 rings, camouflage 1, gelatinous body 1,
(nimble swimmer 1), tentacles
a: no special abilities


You were on level 5 of the Dungeon.
You visited 1 branch of the dungeon, and saw 1 of its levels.

You collected 13 gold pieces.

Inventory:

Hand Weapons
 a - a +0 short sword (weapon)
Wands
 f - a wand of digging (3)
Scrolls
 b - a scroll of fog
 c - a scroll of magic mapping
 d - a scroll of fear
Potions
 e - a potion of haste


   Skills:
 - Level 3.0 Fighting
 + Level 2.0 Short Blades
 + Level 2.0 Dodging
 + Level 6.6 Stealth


You couldn't memorise any spells.
You didn't know any spells.
Your spell library was empty.

Dungeon Overview and Level Annotations

Branches:
Dungeon (5/15)
 Temple: D:4-7

Altars:


Innate Abilities, Weirdness & Mutations

You cannot wear most types of armour.
You are amphibious.
You can wear up to eight rings at the same time.
Your skin changes colour to match your surroundings (Stealth+).
Your rubbery body absorbs attacks. (AC +1, EV +1)
((You are camouflaged when in or above water. (Stealth+)))
You have tentacles for arms and can constrict up to eight enemies at once.


Message History

Found a ring mail.
No target in view!
An orc comes into view. It is wielding a +0 flail.
An orc comes into view. It is wielding a +0 club.
The orc shouts!
There are monsters nearby!
An orc comes into view. It is wielding a +0 trident.
There are monsters nearby!
The orc hits you with a +0 flail.
There are monsters nearby!
The orc shouts!
You hit the orc. You grab the orc.
The orc is heavily wounded.
You constrict the orc. The orc closely misses you.
You hit the orc. You squeeze the orc, but do no damage.
The orc is almost dead.
You constrict the orc.
You kill the orc!
A quokka comes into view.
The orc hits you with a +0 club.
You are too injured to fight recklessly!
You are too injured to fight recklessly!
You are too injured to fight recklessly!
Unknown command.
You barely miss the orc. Your grab misses the orc.
The orc hits you with a +0 club. The orc barely misses you.
You closely miss the orc. Your grab misses the orc.
The orc hits you with a +0 club. The orc closely misses you.
You hit the orc. You grab the orc.
The orc is moderately wounded.
You constrict the orc. The orc closely misses you.
The orc hits you with a +0 club.
* * * LOW HITPOINT WARNING * * *
You hit the orc but do no damage.
The orc is heavily wounded.
You constrict the orc, but do no damage.
The quokka barely misses you. The quokka bites you.
* * * LOW HITPOINT WARNING * * *
The orc hits you with a +0 trident!
You die...

#.#######
#.......#
#.......#
###.......#
.........#
##.[.....#
..##...ro...#
#......)@...#
......o....# #
##.........##.###
#..(...........#
#.........#....#
##.......## ...#
#.........# ..#
#...>.....#
.............#


You could see 2 orcs and a quokka.

Vanquished Creatures
  An orc (D:5)
1 creature vanquished.

Notes
Turn   | Place    | Note
-------+----------+-------------------------------------------
     0 | D:5      | leafyfresh the Octopode Delver began the quest for the Orb.
     0 | D:5      | Reached XP level 1. HP: 16/16 MP: 1/1
    15 | D:5      | Mangled by an orc

Illustrated notes

Levels and vault maps discovered:
D:5:      layout_rooms, general_overflow_altar, lemuel_tele_altar,
          chequers_temple_overflow_minitemple, uniq_duvessa

Action                   || total
-------------------------++-------
Melee: Short sword       ||     6
       Constrict         ||     2
       Tentacles         ||     1
Dodge: Dodged            ||     5
